3L
HARTFORD WHALERS @ DETROIT RENAISSANCE
08/28/2023
 
TOP OF THE 1ST
Hartford Whalers batting - Pitching for Detroit Renaissance : RHP Domingo Ramírez
Pitching: RHP Domingo Ramírez
Batting: RHB Dave O'Day 0-0: Ball
1-0: Ball
2-0: Ball
3-0: Base on Balls
Batting: RHB Javier Díaz 0-0: Ball
1-0: Reached on error, E5 (Groundball, 56S)
Dave O'Day to second
Batting: RHB Joe Craig 0-0: Ball
1-0: Foul Ball, location: 2F
1-1: Foul Ball, location: 2F
1-2: Ball
2-2: Strikes out swinging
Batting: RHB Juan Tapia 0-0: Foul Ball, location: 2F
0-1: Called Strike
0-2: Ball
1-2: Ball
2-2: Grounds into double play, 6-4-3 (Groundball, 6)
Top of the 1st over - 0 run(s), 0 hit(s), 1 error(s), 1 left on base; Hartford 0 - Detroit 0
BOTTOM OF THE 1ST
Detroit Renaissance batting - Pitching for Hartford Whalers : RHP Collin Hill
Pitching: RHP Collin Hill
Batting: RHB Kyle Bywaters 0-0: Called Strike
0-1: Foul Ball, location: 2F
0-2: Foul Ball, location: 2F
Reached via error on a dropped throw, E3
Batting: RHB Bernardo Herrera 0-0: Called Strike
0-1: Ball
1-1: Ball
2-1: SINGLE (Groundball, 6MD)
Kyle Bywaters to second
Batting: RHB Eric D'Angle 0-0: Foul Ball, location: 2F
0-1: Ball
1-1: Ball
2-1: Ground out 3-1 (Groundball, 34)
Kyle Bywaters to third
Bernardo Herrera to second
Batting: LHB Juan González 0-0: Ball
1-0: Called Strike
1-1: Called Strike
Balk!
Kyle Bywaters scores
Bernardo Herrera to third
1-2: Foul Ball, location: 2F
1-2: Ball
2-2: Ball
3-2: Foul Ball, location: 2F
3-2: Base on Balls
Batting: LHB Mike Silver 0-0: Ball
1-0: Called Strike
Juan González is caught stealing 2nd base
1-1: Fly out, F6 (Line Drive, 6M)
Bottom of the 1st over - 1 run(s), 1 hit(s), 1 error(s), 1 left on base; Hartford 0 - Detroit 1
TOP OF THE 2ND
Hartford Whalers batting - Pitching for Detroit Renaissance : RHP Domingo Ramírez
Batting: LHB César Durán 0-0: Foul Ball, location: 2F
0-1: Ground out 4-3 (Groundball, 4)
Batting: RHB Michael Collins 0-0: Called Strike
0-1: Called Strike
0-2: Strikes out looking
Batting: RHB Brent Burgess 0-0: Called Strike
0-1: Ball
1-1: Ball
2-1: SINGLE (Flyball, 7LM)
Batting: RHB Dave Farr 0-0: Ground out 5-3 (Groundball, 6)
Top of the 2nd over - 0 run(s), 1 hit(s), 0 error(s), 1 left on base; Hartford 0 - Detroit 1
BOTTOM OF THE 2ND
Detroit Renaissance batting - Pitching for Hartford Whalers : RHP Collin Hill
Batting: LHB Gregory Johnson 0-0: Ball
1-0: Foul Ball, location: 2F
1-1: Called Strike
1-2: Ball
2-2: Ground out U3 (Groundball, 3)
Batting: RHB Lonnie Conrad 0-0: Ball
1-0: Ball
2-0: Swinging Strike
2-1: Ground out 1-3 (Groundball, 13S)
Batting: LHB Greg Robinson 0-0: Ground out 4-3 (Groundball, 4M)
Bottom of the 2nd over - 0 run(s), 0 hit(s), 0 error(s), 0 left on base; Hartford 0 - Detroit 1
TOP OF THE 3RD
Hartford Whalers batting - Pitching for Detroit Renaissance : RHP Domingo Ramírez
Batting: RHB Orlando Jiménez 0-0: Foul Ball, location: 2F
0-1: Swinging Strike
0-2: Ball
1-2: Strikes out swinging
Batting: RHB Dave O'Day 0-0: Ball
1-0: Ball
2-0: Called Strike
2-1: Called Strike
2-2: Strikes out swinging
Batting: RHB Javier Díaz 0-0: Ball
1-0: Called Strike
1-1: Ball
2-1: Ball
3-1: Called Strike
3-2: Foul Ball, location: 2F
3-2: Foul Ball, location: 2F
3-2: Strikes out looking
Top of the 3rd over - 0 run(s), 0 hit(s), 0 error(s), 0 left on base; Hartford 0 - Detroit 1
BOTTOM OF THE 3RD
Detroit Renaissance batting - Pitching for Hartford Whalers : RHP Collin Hill
Batting: LHB Luis Rodríguez 0-0: Ball
1-0: Fly out, F8 (Line Drive, 8RM)
Batting: RHB Kyle Bywaters 0-0: Ball
1-0: Foul Ball, location: 2F
1-1: Foul Ball, location: 2F
1-2: Ground out 1-3 (Groundball, 13S)
Batting: RHB Bernardo Herrera 0-0: Ball
1-0: Ball
2-0: SINGLE (Groundball, 25) (infield hit)
Batting: RHB Eric D'Angle 0-0: Called Strike
0-1: Called Strike
Bernardo Herrera steals 2nd base
0-2: Ball
1-2: Ball
2-2: Strikes out looking
Bottom of the 3rd over - 0 run(s), 1 hit(s), 0 error(s), 1 left on base; Hartford 0 - Detroit 1
TOP OF THE 4TH
Hartford Whalers batting - Pitching for Detroit Renaissance : RHP Domingo Ramírez
Batting: RHB Joe Craig 0-0: Swinging Strike
0-1: Foul Ball, location: 2F
0-2: Ball
1-2: Ball
2-2: Fly out, F8 (Line Drive, 8RS)
Batting: RHB Juan Tapia 0-0: Ball
1-0: Fly out, F6 (Popup, 5DF)
Batting: LHB César Durán 0-0: Ball
1-0: Foul Ball, location: 2F
1-1: SINGLE (Groundball, 34D) (infield hit)
Batting: RHB Michael Collins 0-0: Ball
1-0: Foul Ball, location: 2F
1-1: Foul Ball, location: 2F
1-2: Strikes out looking
Top of the 4th over - 0 run(s), 1 hit(s), 0 error(s), 1 left on base; Hartford 0 - Detroit 1
BOTTOM OF THE 4TH
Detroit Renaissance batting - Pitching for Hartford Whalers : RHP Collin Hill
Batting: LHB Juan González 0-0: Ball
1-0: Ball
2-0: Ball
3-0: Called Strike
3-1: Foul Ball, location: 2F
3-2: Base on Balls
Batting: LHB Mike Silver 0-0: Ball
1-0: Ball
2-0: Ball
3-0: Base on Balls
Juan González to second
Batting: LHB Gregory Johnson 0-0: Ball
1-0: Called Strike
1-1: Foul Ball, location: 2F
1-2: Ball
2-2: Fly out, F8 (Flyball, 8RM)
Batting: RHB Lonnie Conrad 0-0: Ball
1-0: Called Strike
1-1: Foul Ball, location: 2F
1-2: Strikes out swinging
Batting: LHB Greg Robinson 0-0: Called Strike
0-1: Ball
1-1: SINGLE (Line Drive, 6MD)
Juan González to third
Mike Silver to second
Batting: LHB Luis Rodríguez 0-0: Ball
1-0: Swinging Strike
1-1: Ball
2-1: Ball
3-1: Called Strike
3-2: Fly out, F8 (Flyball, 8RM)
Bottom of the 4th over - 0 run(s), 1 hit(s), 0 error(s), 3 left on base; Hartford 0 - Detroit 1
TOP OF THE 5TH
Hartford Whalers batting - Pitching for Detroit Renaissance : RHP Domingo Ramírez
Batting: RHB Brent Burgess 0-0: Ball
1-0: Ball
2-0: Ball
3-0: Foul Ball, location: 2F
3-1: Foul Ball, location: 2F
3-2: Base on Balls
Batting: RHB Dave Farr 0-0: Sac Bunt - play at first, batter OUT! 5-3
Brent Burgess to second
Batting: RHB Orlando Jiménez 0-0: Ball
1-0: Called Strike
1-1: Ball
2-1: Called Strike
2-2: Ball
3-2: Strikes out swinging
Batting: RHB Dave O'Day 0-0: Foul Ball, location: 2F
0-1: Called Strike
0-2: Fly out, F8 (Flyball, 8RM)
Top of the 5th over - 0 run(s), 0 hit(s), 0 error(s), 1 left on base; Hartford 0 - Detroit 1
BOTTOM OF THE 5TH
Detroit Renaissance batting - Pitching for Hartford Whalers : RHP Collin Hill
Batting: RHB Kyle Bywaters 0-0: Called Strike
0-1: Ball
1-1: Called Strike
1-2: Foul Ball, location: 2F
1-2: Ball
2-2: Ground out 6-3 (Groundball, 6M)
Batting: RHB Bernardo Herrera 0-0: Foul Ball, location: 2F
0-1: Fly out, F7 (Flyball, 7M)
Batting: RHB Eric D'Angle 0-0: Ball
1-0: Ball
2-0: Called Strike
2-1: Ball
3-1: Called Strike
3-2: Foul Ball, location: 2F
3-2: TRIPLE (Flyball, 89XD)
Batting: LHB Juan González 0-0: Ball
1-0: Ball
2-0: SINGLE (Line Drive, 7LS)
Eric D'Angle scores
Batting: LHB Mike Silver 0-0: Called Strike
0-1: Ball
1-1: Ball
2-1: Swinging Strike
2-2: Ground out 4-3 (Groundball, 4)
Bottom of the 5th over - 1 run(s), 2 hit(s), 0 error(s), 1 left on base; Hartford 0 - Detroit 2
TOP OF THE 6TH
Hartford Whalers batting - Pitching for Detroit Renaissance : RHP Domingo Ramírez
Batting: RHB Javier Díaz 0-0: Called Strike
0-1: Foul Ball, location: 2F
0-2: Strikes out swinging
Batting: RHB Joe Craig 0-0: Ground out 4-3 (Groundball, 4)
Batting: RHB Juan Tapia 0-0: Foul Ball, location: 2F
0-1: Foul Ball, location: 2F
0-2: Ball
1-2: Foul Ball, location: 2F
1-2: Strikes out swinging
Top of the 6th over - 0 run(s), 0 hit(s), 0 error(s), 0 left on base; Hartford 0 - Detroit 2
BOTTOM OF THE 6TH
Detroit Renaissance batting - Pitching for Hartford Whalers : RHP Collin Hill
Batting: LHB Gregory Johnson 0-0: Ball
1-0: Foul Ball, location: 2F
1-1: Foul Ball, location: 2F
1-2: Ball
2-2: Foul Ball, location: 2F
2-2: Ball
3-2: Foul Ball, location: 2F
3-2: Ground out U3 (Groundball, 3S)
Batting: RHB Lonnie Conrad 0-0: Ball
1-0: SINGLE (Groundball, 56D)
Pitching: LHP Jason Hoskins
Batting: LHB Greg Robinson 0-0: Swinging Strike
0-1: Foul Ball, location: 2F
0-2: Ball
1-2: SINGLE (Line Drive, 56)
Lonnie Conrad to second
Batting: LHB Luis Rodríguez 0-0: Ball
1-0: Called Strike
1-1: Foul Ball, location: 2F
1-2: Strikes out swinging
Batting: RHB Kyle Bywaters 0-0: Ball
1-0: Ball
2-0: Ball
3-0: Called Strike
3-1: SINGLE (Line Drive, 34D)
Lonnie Conrad to third
Greg Robinson to second
Runner from 3rd tries for Home, SAFE, throw made home
Greg Robinson to third
Kyle Bywaters to second
Batting: RHB Bernardo Herrera 0-0: Ball
1-0: Foul Ball, location: 2F
1-1: SINGLE (Flyball, 9S)
Greg Robinson scores
Kyle Bywaters to third
Runner from 3rd tries for Home, SAFE, no throw or cutoff
Batting: RHB Eric D'Angle 0-0: Ball
1-0: Called Strike
1-1: Foul Ball, location: 2F
1-2: SINGLE (Flyball, 8LS)
Bernardo Herrera to second
Runner from 2nd tries for 3rd, SAFE, no throw or cutoff
Batting: LHB Juan González 0-0: Called Strike
0-1: Ground out 4-3 (Groundball, 4)
Bottom of the 6th over - 3 run(s), 5 hit(s), 0 error(s), 2 left on base; Hartford 0 - Detroit 5
TOP OF THE 7TH
Hartford Whalers batting - Pitching for Detroit Renaissance : RHP Domingo Ramírez
Batting: LHB César Durán 0-0: Called Strike
0-1: Ground out 4-3 (Groundball, 34)
Batting: RHB Michael Collins 0-0: Swinging Strike
0-1: Ball
1-1: DOUBLE (Line Drive, 8RD)
Batting: RHB Brent Burgess 0-0: Called Strike
0-1: Ground out 6-3 (Groundball, 6M)
Michael Collins to third
Batting: RHB Dave Farr 0-0: Ball
1-0: Ball
2-0: Called Strike
2-1: Fly out, F4 (Popup, 4M)
Top of the 7th over - 0 run(s), 1 hit(s), 0 error(s), 1 left on base; Hartford 0 - Detroit 5
BOTTOM OF THE 7TH
Detroit Renaissance batting - Pitching for Hartford Whalers : LHP Jason Hoskins
Batting: LHB Mike Silver 0-0: Swinging Strike
0-1: Ball
1-1: Called Strike
1-2: Foul Ball, location: 2F
1-2: Strikes out looking
Batting: LHB Gregory Johnson 0-0: Called Strike
0-1: Foul Ball, location: 2F
0-2: Foul Ball, location: 2F
0-2: Strikes out swinging
Batting: RHB Lonnie Conrad 0-0: Called Strike
0-1: Called Strike
0-2: Foul Ball, location: 2F
0-2: Ball
1-2: Ball
2-2: Ground out 6-3 (Groundball, 6)
Bottom of the 7th over - 0 run(s), 0 hit(s), 0 error(s), 0 left on base; Hartford 0 - Detroit 5
TOP OF THE 8TH
Hartford Whalers batting - Pitching for Detroit Renaissance : RHP Domingo Ramírez
Batting: RHB Orlando Jiménez 0-0: Ground out 5-3 (Groundball, 5L)
Batting: RHB Dave O'Day 0-0: Called Strike
0-1: Called Strike
0-2: Foul Ball, location: 2F
0-2: Foul Ball, location: 2F
0-2: Ball
1-2: Strikes out swinging
Batting: RHB Javier Díaz 0-0: Foul Ball, location: 2F
0-1: Called Strike
0-2: Foul Ball, location: 2F
0-2: Strikes out looking
Top of the 8th over - 0 run(s), 0 hit(s), 0 error(s), 0 left on base; Hartford 0 - Detroit 5
BOTTOM OF THE 8TH
Detroit Renaissance batting - Pitching for Hartford Whalers : LHP Jason Hoskins
Batting: LHB Greg Robinson 0-0: Ball
1-0: Foul Ball, location: 2F
1-1: Foul Ball, location: 2F
1-2: SINGLE (Groundball, 56)
Batting: LHB Luis Rodríguez 0-0: Called Strike
Greg Robinson is caught stealing 2nd base
0-1: Swinging Strike
0-2: Foul Ball, location: 2F
0-2: Hit by Pitch
Batting: RHB Kyle Bywaters 0-0: Called Strike
0-1: SINGLE (Groundball, 6M)
Luis Rodríguez to second
Batting: RHB Bernardo Herrera 0-0: SINGLE (Groundball, 4MD)
Luis Rodríguez to third
Kyle Bywaters to second
Runner from 3rd tries for Home, throw and OUT!
Kyle Bywaters to third
Bernardo Herrera to second
Batting: RHB Eric D'Angle 0-0: Ball
1-0: Swinging Strike
1-1: Ball
2-1: Called Strike
2-2: Ball
3-2: Ground out 5-3 (Groundball, 56)
Bottom of the 8th over - 0 run(s), 3 hit(s), 0 error(s), 2 left on base; Hartford 0 - Detroit 5
TOP OF THE 9TH
Hartford Whalers batting - Pitching for Detroit Renaissance : RHP Domingo Ramírez
Batting: RHB Joe Craig 0-0: Foul Ball, location: 2F
0-1: Swinging Strike
0-2: Ball
1-2: Ball
2-2: Fly out, F9 (Flyball, 9LS)
Batting: RHB Juan Tapia 0-0: Ball
1-0: Ball
2-0: Called Strike
2-1: Foul Ball, location: 2F
2-2: Ball
3-2: Base on Balls
Pitching: RHP Connor Phelps
Batting: LHB César Durán 0-0: Foul Ball, location: 2F
0-1: Ball
1-1: DOUBLE (Flyball, 78D)
Juan Tapia to third
Runner from 3rd tries for Home, SAFE, throw made home
Batting: RHB Michael Collins 0-0: SINGLE (Line Drive, 6MD)
César Durán to third
Runner from 3rd tries for Home, SAFE, throw made home
Michael Collins to second
Batting: RHB Brent Burgess 0-0: Called Strike
0-1: Swinging Strike
0-2: Foul Ball, location: 2F
0-2: Ball
1-2: SINGLE (Line Drive, 56D)
Michael Collins to third
Batting: RHB Dave Farr 0-0: Foul Ball, location: 2F
0-1: Fly out, F9 (Flyball, 8RM)
Runner from 3rd tags up, SCORES, no throw
Batting: RHB Orlando Jiménez 0-0: Ball
1-0: Ball
2-0: Called Strike
2-1: Foul Ball, location: 2F
2-2: Foul Ball, location: 2F
2-2: Ball
3-2: SINGLE (Groundball, 6MD)
Brent Burgess to second
Brent Burgess to third
Batting: RHB Dave O'Day 0-0: Ball
1-0: Foul Ball, location: 2F
1-1: Ground out 6-3 (Groundball, 6)
Top of the 9th over - 3 run(s), 4 hit(s), 0 error(s), 2 left on base; Hartford 3 - Detroit 5
This league is powered by Out of the Park Baseball, the baseball management simulation game for PC, Mac and Linux
Friday, July 8th, 2016 - OOTP Baseball 16.9 Build 39